 Dungeon Crawl Stone Soup version 0.32-a0-516-g94ed278cf8 (webtiles) character file.

Game seed: 12925399130579144282

556925 oppeldang the Slayer (level 26, -14/261 HPs)
             Began as an Octopode Wanderer on Feb 27, 2024.
             Was the Champion of Okawaru.
             Killed from afar by a yellow draconian annihilator (275 damage)
             ... with an acid spray
             ... on level 1 of the Realm of Zot.
             The game lasted 01:33:29 (61106 turns).

oppeldang the Slayer (Octopode Wanderer)           Turns: 61106, Time: 01:33:29

Health: -14/261    AC: 29    Str: 26    XL:     26   Next: 50%
Magic:  44/44      EV: 50    Int: 16    God:    Okawaru [******]
Gold:   2650       SH: 22    Dex: 36    Spells: 28/41 levels left

rFire   + . .        r - +8 mithril axe "Arga" {speed, Will+}
rCold   + + .        W - +5 kite shield {reflect}
rNeg    + . .        M - +2 hat {Int+3}
rPois   ∞            d - amulet of regeneration
rElec   +            u - ring "Arhijan" {EV+5 Int+2 Slay+3}
rCorr   .            E - ring of willpower
SInv    .            L - ring of protection from fire
Will    +++..        Z - ring "Hilum" {rC++ MP+9 Int-2}
Stlth   ++++         T - +6 ring of dexterity
HPRegen 1.43/turn    s - ring "Amyaf" {Str+2 Dex+6}
MPRegen 0.29/turn    j - ring of the Six Inviting Eyes {EV+5 Str+6}
                     D - +6 ring of dexterity

%: reflection
@: statue-form, studying 3 skills, very slow
A: slow and powerful, torment resistance 1, boosted hp, almost no armour,
amphibious, 8 rings, camouflage 1, (gelatinous body 1), (nimble swimmer 1),
tentacles
}: 3/15 runes: serpentine, barnacled, silver
a: Begin Untransformation, Renounce Religion, Heroism, Finesse, Duel


You were on level 1 of the Realm of Zot.
You worshipped Okawaru.
Okawaru was exalted by your worship.
You were a living statue of rough stone.
You visited 10 branches of the dungeon, and saw 46 of its levels.
You also visited: Gauntlet and Desolation.

You collected 9529 gold pieces.
You spent 6879 gold pieces at shops.

Inventory:

Hand Weapons
 a - the +5 demon whip "Spellbinder" {antimagic, disrupt, Will+}
   (You bought it in a shop on level 12 of the Dungeon)

   Will+:     It increases your willpower.
 r - the +8 mithril axe "Arga" (weapon) {speed, Will+}
   (You bought it in a shop on level 2 of the Elven Halls)

   Will+:     It increases your willpower.
Missiles
 c - 95 boomerangs (quivered)
 n - 19 silver javelins
 w - 7 throwing nets {!f}
 y - 25 javelins
 I - 8 darts of dispersal
Armour
 M - a +2 hat of intelligence (worn)
 W - a +5 kite shield of reflection (worn)
Jewellery
 d - an amulet of regeneration (around mantle)
 g - the ring of the Final Hells {Fly SInv}
   (You found it on level 3 of the Elven Halls)

   [ring of flight]

   SInv:      It lets you see invisible.
   Fly:       It grants you flight.
 i - the ring "Iciahul" {rPois rCorr Str+3 Int-2 Dex+2}
   (You found it in the Desolation of Salt)

   [ring of resist corrosion]

   Str+3:     It affects your strength (+3).
   Int-2:     It affects your intelligence (-2).
   Dex+2:     It affects your dexterity (+2).
   rPois:     It protects you from poison rCorr: It protects you from acid and
   corrosion.
 j - the ring of the Six Inviting Eyes (on tentacle) {EV+5 Str+6}
   (You found it on level 1 of the Vaults)

   [ring of evasion]

   EV+5:      It affects your evasion (+5).
   Str+6:     It affects your strength (+6).
 s - the ring "Amyaf" (on tentacle) {Str+2 Dex+6}
   (You found it in a Gauntlet)

   [ring of dexterity]

   Str+2:     It affects your strength (+2).
   Dex+6:     It affects your dexterity (+6).
 t - the ring "Nuobeg" {rF+ Str-3 Dex+6}
   (You found it in a Gauntlet)

   [ring of protection from fire]

   Str-3:     It affects your strength (-3).
   Dex+6:     It affects your dexterity (+6).
   rF+:       It protects you from fire.
 u - the ring "Arhijan" (left tentacle) {EV+5 Int+2 Slay+3}
   (You took it off a deep elf annihilator on level 3 of the Elven Halls)

   [ring of evasion]

   EV+5:      It affects your evasion (+5).
   Int+2:     It affects your intelligence (+2).
   Slay+3:    It affects your accuracy & damage with ranged weapons and melee
   (+3).
 v - a ring of protection from fire
 D - a +6 ring of dexterity (on tentacle)
 E - a ring of willpower (right tentacle)
 G - a +6 ring of dexterity
 L - a ring of protection from fire (on tentacle)
 N - a +6 ring of strength
 R - a ring of protection from cold
 T - a +6 ring of dexterity (on tentacle)
 U - a ring of wizardry
 Y - a ring of protection from fire
 Z - the ring "Hilum" (on tentacle) {rC++ MP+9 Int-2}
   (You found it in the Desolation of Salt)

   [ring of magical power]

   Int-2:     It affects your intelligence (-2).
   rC++:      It greatly protects you from cold.
   MP+9:      It affects your magic capacity (+9).
Wands
 e - a wand of light (21)
 x - a wand of iceblast (36) {@v2}
 z - a wand of digging (21) {@v3}
Scrolls
 b - 2 scrolls of silence
 h - 6 scrolls of fog
 A - a scroll of revelation
 C - 15 scrolls of teleportation {@r3}
 H - a scroll of fear
 O - 3 scrolls of blinking {@r4}
 X - 2 scrolls of enchant weapon
Potions
 f - 3 potions of enlightenment
 k - 5 potions of cancellation
 l - 7 potions of heal wounds {@q2}
 m - 5 potions of haste {@q4}
 o - 11 potions of might {@q3}
 p - 5 potions of invisibility
 q - 4 potions of lignification
 B - 12 potions of mutation
 K - 21 potions of curing {@q1}
 P - 6 potions of resistance {@q5}
 S - 2 potions of magic
 V - 6 potions of ambrosia
Miscellaneous
 F - a condenser vane
 J - a phial of floods
 Q - a lightning rod (4/4)


   Skills:
 - Level 22.0 Fighting
 + Level 19.6 Axes
 - Level 14.1 Throwing
 + Level 20.9 Dodging
 - Level 2.0 Stealth
 - Level 11.8 Shields
 - Level 3.0 Unarmed Combat
 - Level 8.0 Spellcasting
 - Level 2.0 Summonings
 - Level 7.0 Translocations
 - Level 7.0 Air Magic
 - Level 2.0 Alchemy
 - Level 11.9 Invocations
 * Level 8.8 Evocations
 * Level 16.7 Shapeshifting


You had 28 spell levels left.
You knew the following spells:

 Your Spells              Type           Power      Damage    Failure   Level
a - Mercury Vapours       Alch/Air       40%        N/A       4%          2
b - Sting                 Conj/Alch      36%        1d5       12%         1
c - Summon Small Mammal   Summ           48%        N/A       8%          1
d - Apportation           Tloc           56%        N/A       1%          1
e - Blink                 Tloc           56%        N/A       1%          2
f - Lesser Beckoning      Tloc           56%        N/A       1%          2
g - Vhi's Electric Charg  Tloc/Air       56%        N/A       10%         4

Your spell library contained the following spells:

 Spells                   Type           Power      Damage    Failure   Level
 Momentum Strike          Conj/Tloc      34%        3d8       6%          2
 Cigotuvi's Dreadful Rot  Necr/Alch/Air  32%        N/A       8%          2
 Manifold Assault         Tloc           28%        N/A       10%         4
 Passage of Golubria      Tloc           28%        N/A       10%         4
 Mephitic Cloud           Conj/Alch/Air  16%        N/A       16%         3
 Foxfire                  Conj/Fire      24%        2x1d5     17%         1
 Freeze                   Ice            24%        1d4       17%         1
 Magic Dart               Conj           24%        1d4       17%         1
 Necrotise                Necr           24%        1d5       17%         1
 Slow                     Hex            24%        N/A       17%         1
 Jinxbite                 Hex            12%        N/A       26%         2
 Scorch                   Fire           12%        2d5       26%         2
 Searing Ray              Conj           12%        2d4       26%         2
 Dimensional Bullseye     Hex/Tloc       8%         N/A       38%         4
 Iskenderun's Mystic Bla  Conj/Tloc      17%        2d5       38%         4
 Confusing Touch          Hex            6%         N/A       45%         3
 Dazzling Flash           Conj/Hex       12%        N/A       45%         3
 Frozen Ramparts          Ice            12%        1d2       45%         3
 Fugue of the Fallen      Necr           6%         N/A       45%         3
 Inner Flame              Hex/Fire       6%         N/A       45%         3
 Ozocubu's Armour         Ice            6%         N/A       45%         3
 Sigil of Binding         Hex            6%         N/A       45%         3
 Stone Arrow              Conj/Erth      12%        3d7       45%         3
 Vampiric Draining        Necr           6%         2d6       45%         3
 Fulminant Prism          Conj/Alch      4%         3d5       75%         4
 Ignite Poison            Fire/Alch      9%         N/A       75%         4
 Leda's Liquefaction      Alch/Erth      4%         N/A       75%         4
 Petrify                  Alch/Erth      9%         N/A       75%         4
 Sticky Flame             Fire/Alch      9%         2d5       75%         4
 Arcjolt                  Conj/Air       8%         1d18      75%         5
 Silence                  Hex/Air        8%         N/A       75%         5
 Dispersal                Tloc           14%        N/A       83%         6
 Anguish                  Hex/Necr       3%         N/A       86%         4
 Cause Fear               Hex            3%         N/A       86%         4
 Dispel Undead            Necr           6%         3d8       86%         4
 Flame Wave               Conj/Fire      6%         2d5       86%         4
 Freezing Cloud           Conj/Ice/Air   6%         6-21      88%         5
 Irradiate                Conj/Alch      4%         3d13      97%         5
 Yara's Violent Unravell  Hex/Alch       4%         3d4       97%         5
 Curse of Agony           Necr           6%         N/A       99%         5
 Iskenderun's Battlesphe  Conj           6%         2d6       99%         5
 Lee's Rapid Deconstruct  Erth           3%         3d5*      99%         5
 Metabolic Englaciation   Hex/Ice        3%         N/A       99%         5
 Conjure Ball Lightning   Conj/Air       8%         3x3d6     99%         6
 Plasma Beam              Fire/Air       8%         2x1d19    99%         6
 Bombard                  Conj/Erth      3%         9d1       100%        6
 Eringya's Noxious Bog    Alch           6%         4d6       100%        6
 Starburst                Conj/Fire      3%         6d3       100%        6
 Enfeeble                 Hex            3%         N/A       100%        7
 Ozocubu's Refrigeration  Ice            3%         4d8       100%        7
 Disjunction              Tloc           14%        N/A       100%        8
 Ignition                 Fire           3%         3d4       100%        8
 Lehudib's Crystal Spear  Conj/Erth      3%         10d2      100%        8
 Polar Vortex             Ice            3%         N/A       100%        9
 Sublimation of Blood     Necr           Unusable   N/A       N/A         2
 Tukima's Dance           Hex            Unusable   N/A       N/A         3
 Summon Forest            Summ/Tloc      Unusable   N/A       N/A         5
 Animate Armour           Summ/Erth      Unusable   N/A       N/A         4
 Martyr's Knell           Necr/Summ      Unusable   N/A       N/A         4
 Death Channel            Necr           Unusable   N/A       N/A         6
 Sculpt Simulacrum        Ice/Alch       Unusable   N/A       N/A         6
 Summon Cactus Giant      Summ           Unusable   N/A       N/A         6
 Monstrous Menagerie      Summ           Unusable   N/A       N/A         7
 Spellforged Servitor     Conj/Summ      Unusable   N/A       N/A         7
 Summon Hydra             Summ           Unusable   N/A       N/A         7
 Dragon's Call            Summ           Unusable   N/A       N/A         9

Dungeon Overview and Level Annotations

Branches:
Dungeon (15/15) Zot: 21476  Temple (1/1) D:7 Zot: 5977    Lair (5/5) D:10 Zot: 19562
 Shoals (4/4) Lair:3 Zot: 19995   Snake (4/4) Lair:3 Zot: 18780   Slime (0/5) Lair:4
    Orc (2/2) D:12 Zot: 10609     Elf (3/3) Orc:2 Zot: 11904  Vaults (5/5) D:13 Zot: 19897
  Crypt (0/3) Vaults:3     Depths (4/4) D:15 Zot: 18701     Zot (3/5) Depths:4 Zot: 17364
Desolation (visited)      Gauntlet (visited)

Altars:
Ashenzari
Cheibriados
Dithmenos
Elyvilon
Fedhas
Gozag
Hepliaklqana
Kikubaaqudgha
Makhleb
Nemelex Xobeh
Okawaru
Qazlal
Ru
Sif Muna
Trog
Uskayaw
Vehumet
Wu Jian
Xom
Yredelemnul
Zin
The Shining One

Shops:
D:1 *   D:2 *   D:4 !=   D:5 !   D:10 :*:   D:12 [(   Orc:2 *[(:   Elf:2 (
Shoals:2 =   Vaults:2 =   Vaults:3 =

Portals:
Hell: Depths:1 Depths:2 Depths:3 Depths:4
Abyss: Depths:3
Pandemonium: Depths:2
Ziggurat: Depths:1
Trove: D:12 (show abyssal rune of Zot)

Annotations:
D:14 1 exclusion
Shoals:3 exclusion: oklob plant
Elf:2 3 runed translucent doors
Zot:2 Tiamat


Innate Abilities, Weirdness & Mutations

You are a living statue of rough stone.
Your actions are slow, but your melee attacks are powerful.
You are resistant to unholy torment.
Your maximum health is greatly increased.
You cannot wear most types of armour.
You are amphibious.
You can wear up to eight rings at the same time.
You are immune to poison.
Your skin changes colour to match your surroundings (Stealth+).
((Your rubbery body absorbs attacks. (AC +1, EV +1)))
((You are camouflaged when in or above water. (Stealth+)))
You have tentacles for arms and can constrict up to eight enemies at once.


Message History

You open the red draconian like a pillowcase!!!
You grab the red draconian. You squeeze the red draconian.
You kill the red draconian!
Okawaru accepts your kill.
You hear a splash.
A red draconian scorcher comes into view.
It is wielding a +0 whip.
As you read the scroll of fear, it crumbles to dust.
You assume a fearsome visage.
The black draconian looks frightened!
The red draconian scorcher looks frightened!
The yellow draconian looks frightened!
The yellow draconian annihilator looks frightened!
The yellow draconian annihilator gestures wildly while chanting.
The yellow draconian annihilator blinks!
The yellow draconian annihilator casts a spell.
The yellow draconian annihilator blinks!
The yellow draconian annihilator mumbles some strange words.
The yellow draconian annihilator blinks!
The yellow draconian annihilator gestures wildly while chanting.
The yellow draconian annihilator blinks!
The yellow draconian annihilator mumbles some strange words.
The yellow draconian annihilator blinks!
The yellow draconian annihilator gestures at you while chanting.
The poison arrow is repelled.
The yellow draconian annihilator casts a spell at you.
The poison arrow is repelled.
The yellow draconian annihilator throws acid at you.
The acid spray is repelled.
The yellow draconian annihilator throws acid at you.
The acid spray is repelled.
The yellow draconian annihilator points at you and mumbles some strange words.
The iron shot is repelled.
The yellow draconian annihilator gestures at you while chanting.
Your +5 kite shield of reflection blocks the iron shot... and reflects it back!
The iron shot hits the yellow draconian annihilator!!!
The yellow draconian annihilator points at you and mumbles some strange words.
The bolt of lightning is repelled.
The yellow draconian annihilator throws acid at you.
The acid spray hits you!!!!!
Ouch! That really hurt!
You die...

#.####.....####.........###**,,,*
..........§§.§#.⌠..........,,..,,
[...~~....###.#.........#####..,,
...~≈≈≈...# #q#.........+......,,
...)~~~...# #§#.##......#.......,
~.........# #§§.................,
..........# ###§#.....##........,
..........# ##§####.....###....,
####......# #..I.....##.##.....,
#......# #........##........,
*......# #......)...>.......,
******** #.....[.###.###...#,
#..................,
###########.#...###*
##.[....∩#.#.#.# ##.........#.#.#
########.###[#.#


You could see a yellow draconian annihilator (catching breath).

Vanquished Creatures
  A dread lich (Vaults:5)
  An ancient lich (Depths:3)
  Mara (Depths:1)
  Sojobo (Depths:1)
  Boris (thrice) (Vaults:1 Depths:1 Depths:3)
  The ghost of royokou the Executioner, a veteran MiFi of Makhleb (Vaults:2)
  4 caustic shrikes (Depths:3)
  Nikola (Depths:1)
  7 golden dragons
  2 bone dragons (Depths:4)
  Jorgrun (Elf:2)
  12 tentacled monstrosities
  Zenata (Vaults:1)
  A walking crystal tome (Depths:2)
  7 liches
  The ghost of Kiciri the Demonologist, an adept DjCj of Makhleb (Elf:3)
  Asterion (Depths:1)
  A titan (Vaults:5)
  2 deep elf blademasters (Elf:3)
  2 deep elf master archers (Elf:3)
  4 quicksilver dragons
  A death cob (Zot:1)
  A kraken (Shoals:4)
  2 sphinxes (Vaults:5)
  An ancient champion (Vaults:2)
  Polyphemus (Shoals:3)
  10 tengu reavers
  Aizul (Snake:1)
  7 storm dragons
  Kirke (D:13)
  6 shadow dragons
  Donald (Shoals:1)
  Ilsuiw (Shoals:3)
  2 nagarajas (Snake:4)
  12 frost giants
  4 draconian knights
  2 draconian monks
  Roxanne (Shoals:2)
  An imperial myrmidon (Desolation)
  3 deep elf sorcerers (Elf:3)
  9 fire giants
  20 vault wardens
  A draconian shifter (Zot:2)
  A balrug (D:11)
  5 deep elf elementalists (Elf:3)
  4 iron dragons
  2 ghost moths (Zot:3)
  A draconian scorcher (Zot:3)
  2 orc warlords
  A curse skull (Vaults:3)
  A draconian annihilator (Zot:3)
  2 formless jellyfish
  16 stone giants
  6 ironbound thunderhulks
  2 spriggan defenders (Depths:3)
  3 vampire knights
  A black draconian (Zot:3)
  26 ironbound preservers
  6 deep elf death magi
  3 green draconians
  3 deep elf demonologists
  17 very ugly things
  2 halazid warlocks (Desolation)
  A lorocyproca (Depths:2)
  4 war gargoyles
  4 purple draconians
  2 white draconians
  5 dire elephants
  A minotaur (Gauntlet)
  2 red draconians
  12 deep elf annihilators
  3 yellow draconians
  3 spark wasps
  3 merfolk javelineers
  2 crystal guardians
  15 ettins
  6 entropy weavers
  The ghost of paps the Basher, a journeyman TrBe of Trog (Lair:1)
  5 ragged hierophants
  10 merfolk impalers
  An entropy weaver (shapeshifter) (Elf:3)
  14 yaktaur captains
  6 fire dragons
  11 servants of whispers (Desolation)
  3 jiangshi
  11 great orbs of eyes
  36 vault guards
  7 ice dragons
  4 hydras
  8 salamander tyrants
  14 peacekeepers
  7 deep elf high priests (Elf:3)
  4 ogre magi
  3 spriggan air magi (Depths:3)
  8 ironbound frosthearts
  4 merfolk avatars
  6 rakshasas
  2 catoblepae
  16 anacondas
  An alligator snapping turtle (Shoals:2)
  22 dancing weapons
  12 two-headed ogres
  4 boulder beetles
  A satyr (Shoals:4)
  20 centaur warriors
  7 merfolk aquamancers
  2 tengu warriors
  6 deep troll shamans
  10 death yaks
  2 vampire magi
  6 naga sharpshooters
  4 orc high priests (Orc:2)
  2 deep troll earth magi
  4 naga warriors
  A shock serpent (shapeshifter) (Depths:3)
  5 spriggan berserkers
  11 shock serpents
  4 occultists
  14 hell knights
  7 deep elf knights
  8 skysharks
  10 iron trolls
  7 salamander mystics
  4 skeletal warriors (D:15)
  A shadow wraith (Vaults:3)
  A flayed ghost (D:14)
  5 glowing orange brains
  A deep troll (shapeshifter) (Vaults:5)
  49 deep trolls
  A mana viper (shapeshifter) (Vaults:5)
  6 naga ritualists
  13 mana vipers
  A death drake (Gauntlet)
  11 arcanists
  A swamp dragon (shapeshifter) (Elf:3)
  5 thermic dynamos
  9 sea snakes
  22 ironbound convokers
  7 deep elf archers
  A kraken simulacrum (Shoals:4)
  A steelbarb worm (shapeshifter) (Vaults:5)
  30 deep elf zephyrmancers
  7 phantasmal warriors
  28 harpies
  4 necromancers
  10 lindwurms
  6 orc knights
  A wolf spider (D:14)
  46 ugly things
  10 cyclopes
  14 deep elf pyromancers
  4 orc sorcerers
  A faun (shapeshifter) (Elf:3)
  15 manticores
  29 salamanders
  The ghost of SkaryMonk the Chiller, a novice BaIE of Sif Muna (D:6)
  10 moths of wrath
  The ghost of flt the Ruffian, a novice TrMo of Beogh (D:5)
  A centaur zombie (Gauntlet)
  A kobold blastminer (Orc:2)
  A meliai (shapeshifter) (Elf:3)
  10 fauns
  12 guardian serpents
  26 elephants
  14 naga magi
  2 spectral centaurs (Gauntlet)
  41 black mambas
  15 vault sentinels
  7 torpor snails
  5 water nymphs
  11 merfolk sirens
  A cane toad (shapeshifter) (Elf:3)
  Maggie (D:9)
  12 cane toads
  A gargoyle (D:10)
  A molten gargoyle (Desolation)
  4 rime drakes
  2 yaktaurs (shapeshifter)
  7 komodo dragons
  2 tengu conjurers
  49 yaktaurs
  An efreet (D:15)
  3 trolls
  36 merfolk
  8 polar bears
  Prince Ribbit (D:7)
  A merfolk (shapeshifter) (D:15)
  11 hornets
  3 tarantellas
  A blink frog (shapeshifter) (Elf:3)
  9 dream sheep
  66 saltlings
  13 blink frogs
  A glass eye (Depths:3)
  7 snapping turtles
  2 raiju (shapeshifter)
  44 slime creatures
  An air elemental (Elf:1)
  A jumping spider (shapeshifter) (Depths:3)
  2 spriggans (shapeshifter) (Elf:3)
  A centaur simulacrum (D:14)
  22 spriggans
  2 shadows
  59 yaks
  2 fire elementals
  20 water elementals
  10 wyverns
  A golden eye (shapeshifter) (Elf:3)
  6 wraiths
  A warg (shapeshifter) (Elf:3)
  12 vampire mosquitoes
  5 humans (D:13)
  2 wargs (Orc:2)
  A redback simulacrum (D:15)
  6 redbacks
  4 steam dragons
  27 nagas
  An acid dragon (D:9)
  An acid dragon (shapeshifter) (D:15)
  12 water moccasins
  5 black bears
  An ice beast (D:6)
  3 sky beasts
  A swamp drake (D:7)
  21 orc warriors
  3 laughing skulls (D:14)
  12 ogres
  4 boggarts
  34 wolves
  15 centaurs
  2 phantoms
  13 bullfrogs
  A brain worm (shapeshifter) (Elf:3)
  3 kobold brigands
  A gnoll sergeant (D:12)
  3 earth elementals
  A scorpion (D:10)
  4 wights (D:7)
  16 killer bees
  An electric eel (Lair:4)
  3 howler monkeys
  2 lava snakes (Lair:3)
  2 bombardier beetles
  A jelly (D:6)
  7 orc priests
  3 gnoll boudas
  A hound (D:4)
  2 sleepcaps
  5 iguanas
  23 orc wizards
  14 gnolls
  10 adders
  A shadow imp (D:5)
  2 white imps
  4 ufetubi
  3 dart slugs
  A ribbon worm (D:2)
  42 orcs
  7 ball pythons
  4 endoplasms
  3 giant cockroaches
  6 hobgoblins
  5 jackals
  3 quokkas
  5 bats
  3 frilled lizards
  12 goblins
  29 kobolds
  6 rats
  9 tentacles (Shoals:4)
2011 creatures vanquished.

Vanquished Creatures (others)
  A jiangshi (Depths:2)
  A merfolk javelineer (Shoals:4)
  An orc high priest (Orc:2)
  A saltling (Desolation)
  A human (D:8)
  An orc (Orc:1)
  7 tentacles (Shoals:4)
13 creatures vanquished.

Grand Total: 2024 creatures vanquished

Notes
Turn   | Place    | Note
-------+----------+-------------------------------------------
     0 | D:1      | oppeldang the Octopode Wanderer began the quest for the
                  | Orb.
     0 | D:1      | oppeldang set off with the following items: a +0 dagger, a
                  | potion of berserk rage, 9 boomerangs, a scroll of blinking
                  | {@r4}, a scroll of butterflies; and the following spells
                  | available to memorise: Mercury Vapours, Cigotuvi's Dreadful
                  | Rot.
     0 | D:1      | Reached XP level 1. HP: 13/13 MP: 2/2
    94 | D:1      | Found Jopaane's General Store.
   149 | D:1      | Reached skill level 1 in Stealth
   211 | D:1      | Reached XP level 2. HP: 8/18 MP: 3/3
   673 | D:1      | Reached skill level 2 in Fighting
   681 | D:1      | Reached skill level 1 in Dodging
   681 | D:1      | Reached XP level 3. HP: 24/24 MP: 4/4
   909 | D:2      | Found Renen's General Store.
  1235 | D:2      | Reached XP level 4. HP: 18/30 MP: 5/5
  1329 | D:2      | Learned a level 2 spell: Mercury Vapours
  1407 | D:2      | Reached skill level 3 in Fighting
  1411 | D:2      | Learned a level 1 spell: Sting
  1413 | D:2      | Learned a level 1 spell: Summon Small Mammal
  1415 | D:2      | Learned a level 1 spell: Apportation
  1677 | D:2      | Bought a scroll of butterflies for 44 gold pieces
  1677 | D:2      | Bought a potion of might for 44 gold pieces
  1727 | D:3      | Found a broken altar of Ashenzari.
  1793 | D:3      | Reached skill level 1 in Alchemy
  1793 | D:3      | Reached XP level 5. HP: 29/36 MP: 6/6
  2134 | D:3      | Reached skill level 1 in Summonings
  2767 | D:4      | Noticed a sky beast
  2777 | D:4      | Killed a sky beast
  2778 | D:4      | Reached skill level 4 in Fighting
  2778 | D:4      | Reached XP level 6. HP: 43/43 MP: 7/7
  2860 | D:4      | Found Kalo's Jewellery Shoppe.
  3063 | D:4      | Found a bloodstained altar of Trog.
  3197 | D:4      | Found Adeblam's Distillery.
  3594 | D:5      | Entered Level 5 of the Dungeon
  3689 | D:5      | Reached XP level 7. HP: 48/49 MP: 8/8
  3697 | D:5      | Reached skill level 5 in Fighting
  3968 | D:5      | Reached skill level 1 in Evocations
  4076 | D:5      | Found Upsiupupt's Distillery.
  4135 | D:5      | Bought a potion of degeneration for 13 gold pieces
  4135 | D:5      | Bought a potion of lignification for 39 gold pieces
  4135 | D:5      | Bought a potion of berserk rage for 65 gold pieces
  4222 | D:5      | Found a sparkling altar of Nemelex Xobeh.
  4285 | D:5      | Found a runed translucent door.
  4285 | D:5      | Noticed flt's ghost (novice TrMo)
  4995 | D:6      | Found a runed translucent gate.
  4996 | D:6      | Found a runed translucent gate.
  4996 | D:6      | Found an opulent altar of Gozag.
  4997 | D:6      | Found a runed translucent gate.
  4998 | D:6      | Noticed SkaryMonk's ghost (novice BaIE)
  4998 | D:6      | Noticed a wyvern
  4999 | D:6      | Noticed a wraith
  5017 | D:6      | Reached skill level 6 in Fighting
  5017 | D:6      | Reached XP level 8. HP: 57/57 MP: 9/9
  5603 | D:7      | Found a staircase to the Ecumenical Temple.
  5709 | Temple   | Entered the Ecumenical Temple
  5720 | Temple   | Became a worshipper of Warmaster Okawaru
  5798 | D:7      | Reached skill level 1 in Invocations
  5872 | D:7      | Reached skill level 7 in Fighting
  6078 | D:7      | Noticed a hornet
  6169 | D:8      | Reached * piety under Okawaru
  6170 | D:8      | Reached skill level 5 in Dodging
  6170 | D:8      | Reached XP level 9. HP: 59/64 MP: 9/11
  6343 | D:1      | Bought a potion of curing for 39 gold pieces
  6343 | D:1      | Bought a scroll of fear for 52 gold pieces
  6476 | D:8      | Found a stormy altar of Qazlal.
  6633 | D:7      | Paralysed by a hornet for 1 turns
  6635 | D:7      | Killed a hornet
  6638 | D:7      | Noticed Prince Ribbit
  6654 | D:7      | Killed Prince Ribbit
  6655 | D:7      | Reached skill level 5 in Invocations
  6673 | D:7      | Found a sacrificial altar of Ru.
  6695 | D:7      | Reached ** piety under Okawaru
  6696 | D:7      | Reached skill level 8 in Fighting
  6834 | D:7      | Found a glowing golden altar of the Shining One.
  6919 | D:7      | You fall into a shaft and drop 3 floors!
  6919 | D:10     | Entered Level 10 of the Dungeon
  7037 | D:10     | Reached skill level 1 in Axes
  7037 | D:10     | Reached skill level 1 in Shields
  7370 | D:8      | Found an ornate altar of the Wu Jian Council.
  7809 | D:8      | Found a hazy altar of Hepliaklqana.
  7917 | D:8      | Found a glowing silver altar of Zin.
  7967 | D:8      | Identified the +2 helmet of Virtue {rPois rF+}
  8129 | D:8      | Found an ancient bone altar of Kikubaaqudgha.
  8154 | D:8      | Found an opulent altar of Gozag.
  8169 | D:8      | Reached XP level 10. HP: 67/72 MP: 13/13
  8393 | D:1      | Bought a scroll of brand weapon for 123 gold pieces
  8600 | D:9      | Reached skill level 5 in Axes
  8986 | D:9      | Noticed Maggie
  9260 | D:9      | Identified a scroll of acquirement
  9261 | D:9      | Acquired a +1 broad axe of electrocution
  9405 | D:6      | Found a shimmering blue altar of Sif Muna.
  9890 | D:10     | Found Cageets's Book Shop.
  9890 | D:10     | Found Juotyxko's Assorted Antiques.
  9890 | D:10     | Found Hoadofra's Book Shop.
 10231 | D:10     | Reached skill level 5 in Shields
 10250 | D:10     | Reached *** piety under Okawaru
 10486 | D:10     | Bought a fuming puce potion for 27 gold pieces
 10486 | D:10     | Bought a metallic amethyst potion for 27 gold pieces
 10486 | D:10     | Bought a scroll labelled QAOKE YTESSUKO for 30 gold pieces
 10486 | D:10     | Bought a metallic amethyst potion for 27 gold pieces
 10522 | D:10     | Reached XP level 11. HP: 58/77 MP: 12/14
 11181 | D:10     | Found a staircase to the Lair.
 11573 | D:11     | Reached skill level 10 in Axes
 12147 | D:11     | Found a runed translucent door.
 12150 | D:11     | Noticed a balrug
 12256 | Lair:1   | Entered Level 1 of the Lair of Beasts
 12266 | Lair:1   | Found a transporter.
 12272 | Lair:1   | Noticed a spriggan rider
 12273 | Lair:1   | Found a bloodstained altar of Trog.
 12273 | Lair:1   | Noticed a spriggan berserker
 12273 | Lair:1   | Noticed paps's ghost (journeyman TrBe)
 12827 | Lair:1   | Found a glowing silver altar of Zin.
 12918 | Lair:1   | Noticed a moth of wrath
 12924 | Lair:1   | Found a transporter.
 13495 | Lair:2   | Reached **** piety under Okawaru
 13496 | Lair:2   | Reached XP level 12. HP: 68/82 MP: 15/15
 13629 | Lair:2   | Noticed a skyshark
 13637 | Lair:2   | Noticed a four-headed hydra
 13645 | Lair:2   | Reached skill level 5 in Throwing
 13912 | Lair:2   | Noticed a skyshark
 13916 | Lair:2   | Reached skill level 9 in Fighting
 13916 | Lair:2   | Reached XP level 13. HP: 90/90 MP: 16/16
 14217 | Lair:3   | Found a snail-covered altar of Cheibriados.
 16042 | Lair:4   | Found a staircase to the Slime Pits.
 16206 | Lair:5   | Entered Level 5 of the Lair of Beasts
 16220 | Lair:5   | Reached skill level 10 in Shields
 16231 | Lair:5   | Reached XP level 14. HP: 65/97 MP: 17/17
 16233 | Lair:5   | Reached ***** piety under Okawaru
 16738 | Lair:3   | Found a snail-covered altar of Cheibriados.
 16759 | Lair:3   | Reached skill level 10 in Fighting
 16772 | Lair:3   | Reached skill level 11 in Fighting
 16772 | Lair:3   | Reached XP level 15. HP: 91/106 MP: 18/20
 17333 | Lair:3   | Found a staircase to the Shoals.
 17494 | Lair:3   | Received a gift from Okawaru
 17878 | Lair:3   | Found a staircase to the Snake Pit.
 18580 | Lair:4   | Reached skill level 12 in Fighting
 20157 | Lair:5   | Reached skill level 13 in Fighting
 21286 | Lair:5   | Reached XP level 16. HP: 66/118 MP: 20/22
 21942 | D:4      | Bought a +5 ring of evasion for 432 gold pieces
 22018 | D:2      | Bought 2 potions of lignification for 66 gold pieces
 22206 | D:12     | Reached skill level 14 in Fighting
 22418 | D:12     | Reached skill level 10 in Dodging
 22600 | D:12     | Found Wanial's Armour Shoppe.
 22602 | D:12     | Found a staircase to the Orcish Mines.
 22607 | D:12     | Found Ejuabb's Weapon Shoppe.
 23068 | D:12     | Found a portal to a secret trove of treasure.
 23360 | D:13     | Found a hide-covered altar of Uskayaw.
 23589 | D:13     | Found a gate to the Vaults.
 23950 | D:13     | Noticed Kirke
 23963 | D:13     | Killed Kirke
 24371 | D:14     | Reached skill level 15 in Fighting
 24530 | D:14     | Found a gate leading to a gauntlet.
 24536 | Gauntlet | Entered a Gauntlet
 24536 | Gauntlet | Found a transporter.
 24640 | Gauntlet | Found a transporter.
 24641 | Gauntlet | Found a runed translucent door.
 24651 | Gauntlet | Found a runed translucent door.
 24653 | Gauntlet | Found a transporter.
 24657 | Gauntlet | Found a transporter.
 24674 | Gauntlet | Found a transporter.
 24687 | Gauntlet | Found a transporter.
 24700 | Gauntlet | Found a transporter.
 24719 | Gauntlet | Found a transporter.
 24723 | Gauntlet | Found a transporter.
 24734 | Gauntlet | Found a transporter.
 24757 | Gauntlet | Found a transporter.
 24758 | Gauntlet | Found a transporter.
 24842 | Gauntlet | Identified the ring "Amyaf" {Str+2 Dex+6}
 24983 | Gauntlet | Identified the ring "Nuobeg" {rF+ Str-3 Dex+6}
 24996 | Gauntlet | Identified the +11 sling "Zocej" {antimagic, Fly rElec
                  | rCorr}
 25009 | Gauntlet | Identified the +0 cloak of Compassion {rF+ rCorr}
 25009 | Gauntlet | Identified the +1 hand axe "Beastslayer" {flame, Str+4
                  | Dex+3}
 26049 | D:14     | Reached skill level 5 in Evocations
 26126 | D:14     | Noticed a shadow dragon
 26287 | D:15     | Entered Level 15 of the Dungeon
 26358 | D:15     | Received a gift from Okawaru
 27512 | D:15     | Found a staircase to the Depths.
 27669 | D:15     | Reached XP level 17. HP: 129/129 MP: 22/24
 27900 | D:15     | Learned a level 2 spell: Blink
 28162 | D:5      | Killed flt's ghost
 28219 | D:6      | Killed SkaryMonk's ghost
 28325 | D:2      | Bought a +5 ring of evasion for 396 gold pieces
 28389 | D:4      | Bought a potion of ambrosia for 104 gold pieces
 28389 | D:4      | Bought a potion of might for 52 gold pieces
 28389 | D:4      | Bought a potion of resistance for 130 gold pieces
 28581 | Orc:1    | Entered Level 1 of the Orcish Mines
 28643 | Orc:1    | Reached skill level 16 in Fighting
 28653 | Orc:1    | Reached skill level 1 in Translocations
 28759 | Orc:2    | Entered Level 2 of the Orcish Mines
 28820 | Orc:2    | Found Ifaomafi's Antique Weapon Emporium.
 28920 | Orc:2    | Found Fafieq's General Store.
 28938 | Orc:2    | Bought a potion of heal wounds for 75 gold pieces
 28945 | Orc:2    | Found Unacocoa's Antique Armour Emporium.
 29049 | Orc:2    | Found a staircase to the Elven Halls.
 29256 | Orc:2    | Found Bemnos's Book Boutique.
 29722 | Elf:1    | Entered Level 1 of the Elven Halls
 30312 | Elf:1    | Reached skill level 1 in Shapeshifting
 30355 | Elf:1    | Paralysed by an air elemental for 1 turns
 30697 | Elf:1    | Received a gift from Okawaru
 30699 | Elf:1    | You fall into a shaft and drop 1 floor!
 30699 | Elf:2    | Noticed Jorgrun
 30724 | Elf:2    | Killed Jorgrun
 30935 | Elf:2    | Found a crumbling gateway.
 30949 | Desolati | Entered the Desolation of Salt
 31375 | Desolati | Reached skill level 5 in Translocations
 31565 | Desolati | Identified the ring "Iciahul" {rPois rCorr Str+3 Int-2
                  | Dex+2}
 31723 | Desolati | Received a gift from Okawaru
 32045 | Desolati | Reached skill level 5 in Shapeshifting
 32116 | Desolati | Identified the ring "Biozeefo" {rPois Str+3 Dex+2}
 32133 | Desolati | Reached skill level 10 in Throwing
 32523 | Desolati | Reached XP level 18. HP: 132/136 MP: 23/25
 32718 | Desolati | Identified the +10 flail of Res Nullius {elec, ^Contam
                  | Str+5}
 33032 | Desolati | Identified the ring "Ymaoxzygg" {Ice Dex+2}
 33058 | Desolati | Identified the ring "Hilum" {rC++ MP+9 Int-2}
 33596 | Desolati | Identified the +0 robe "Toesmarr" {Str+3}
 33913 | Elf:2    | Received a gift from Okawaru
 34232 | Elf:2    | Found Rouph's Weapon Shoppe.
 34586 | Elf:2    | Acquired 685 gold pieces
 34588 | Elf:2    | Bought the +8 mithril axe "Arga" {speed, Will+} for 1098
                  | gold pieces
 34588 | Elf:2    | Found the +8 mithril axe "Arga" {speed, Will+}
 34612 | Elf:2    | Found a runed translucent gate.
 34613 | Elf:2    | Found a runed translucent gate.
 34613 | Elf:2    | Found a runed translucent gate.
 34651 | Elf:2    | Found a shimmering blue altar of Sif Muna.
 35006 | Elf:3    | Entered Level 3 of the Elven Halls
 35292 | Elf:3    | Found a transporter.
 35375 | Elf:3    | Found a transporter.
 35379 | Elf:3    | Reached skill level 10 in Shapeshifting
 35382 | Elf:3    | Noticed Kiciri's ghost (adept DjCj)
 36450 | Elf:3    | Noticed a deep elf master archer
 36460 | Elf:3    | Killed a deep elf master archer
 36474 | Elf:3    | Identified the +8 spear of Xibim {antimagic, rF- Will+
                  | Int+2}
 36483 | Elf:3    | Reached XP level 19. HP: 143/143 MP: 26/26
 36544 | Elf:3    | Identified the +2 mace of the Wraith {pain, rN+ Str+4}
 36721 | Elf:3    | Identified the +3 rapier of Wounding {venom, rPois rC++}
 36804 | Elf:3    | Identified the ring "Arhijan" {EV+5 Int+2 Slay+3}
 36833 | Elf:3    | Reached skill level 17 in Fighting
 37011 | Elf:3    | Reached skill level 15 in Axes
 37195 | Elf:3    | Identified the +5 executioner's axe of Destruction {elec,
                  | Int+3}
 37291 | Elf:3    | Found the +3 greatsling "Punk" {acid, rCorr}
 37300 | Elf:3    | Received a gift from Okawaru
 37323 | Elf:3    | Identified the staff of the Loving Eel {^Drain rElec Int+4
                  | Stlth+ Air}
 37733 | Elf:3    | Found a transporter.
 37750 | Elf:3    | Found a transporter.
 37855 | Elf:3    | Identified the +2 robe of the Bagpipe {Rampage rPois Will-
                  | Int+2}
 38451 | D:9      | Killed Maggie
 39160 | Lair:1   | Killed paps's ghost
 39278 | Shoals:1 | Entered Level 1 of the Shoals
 39282 | Shoals:1 | Learned a level 2 spell: Lesser Beckoning
 39510 | Shoals:1 | Noticed Donald
 39524 | Shoals:1 | Killed Donald
 39822 | Shoals:1 | Received a gift from Okawaru
 40129 | Shoals:2 | Found Yckergh's Jewellery Emporium.
 40157 | Shoals:2 | Got Miop's Codex of Summoned Percussion
 40232 | Shoals:2 | Noticed Roxanne
 40248 | Shoals:2 | Killed Roxanne
 40969 | Shoals:3 | Noticed Ilsuiw
 40983 | Shoals:3 | Noticed Polyphemus
 41024 | Shoals:3 | HP: 3/146 [merfolk/boomerang[a merfolk javelineer] (22)]
 41420 | Shoals:3 | Killed Polyphemus
 41481 | Shoals:3 | Killed Ilsuiw
 41482 | Shoals:3 | Reached XP level 20. HP: 153/153 MP: 24/27
 41948 | Shoals:4 | Entered Level 4 of the Shoals
 42345 | Shoals:4 | Identified the staff of Honour {rC+ Str+3 Dex+5 Hexes Ice}
 42378 | Shoals:4 | Found a shimmering altar of Xom.
 42455 | Shoals:4 | Got a barnacled rune of Zot
 42814 | Shoals:4 | Received a gift from Okawaru
 43167 | Shoals:4 | Learned a level 4 spell: Vhi's Electric Charge
 43297 | Snake:1  | Entered Level 1 of the Snake Pit
 43620 | Snake:1  | Identified the serpent talisman "Tiubirry" {rF- rC+ Will+
                  | rCorr}
 43620 | Snake:1  | Noticed Aizul
 43635 | Snake:1  | Killed Aizul
 44358 | Snake:2  | Reached skill level 5 in Spellcasting
 44363 | Snake:2  | Received a gift from Okawaru
 44623 | Snake:2  | Received a gift from Okawaru
 44624 | Snake:2  | Reached XP level 21. HP: 158/158 MP: 30/30
 44985 | Snake:3  | Reached skill level 5 in Air Magic
 45424 | Snake:4  | Entered Level 4 of the Snake Pit
 45527 | Snake:4  | Reached skill level 15 in Shapeshifting
 45790 | Snake:4  | Received a gift from Okawaru
 46037 | Snake:4  | Got a serpentine rune of Zot
 46864 | D:11     | Received a gift from Okawaru
 46983 | Vaults:1 | Entered Level 1 of the Vaults
 47160 | Vaults:1 | Reached skill level 18 in Fighting
 47195 | Vaults:1 | Noticed Zenata
 47213 | Vaults:1 | Killed Zenata
 47230 | Vaults:1 | Reached skill level 10 in Invocations
 48024 | Vaults:1 | Identified the +3 robe "Ommecad" {rElec rN+}
 48024 | Vaults:1 | Noticed Boris
 48031 | Vaults:1 | Killed Boris
 48280 | Vaults:1 | Identified the ring of the Six Inviting Eyes {EV+5 Str+6}
 48556 | Vaults:2 | Found a runed translucent door.
 48556 | Vaults:2 | Noticed royokou's ghost (veteran MiFi)
 48658 | Vaults:2 | Received a gift from Okawaru
 48662 | Vaults:2 | Reached XP level 22. HP: 166/166 MP: 34/34
 49236 | Vaults:2 | Got Tomm's Book of Hyperborean Places
 49339 | Vaults:2 | Found Linale's Jewellery Emporium.
 49357 | Vaults:2 | Bought a ring of willpower for 325 gold pieces
 49360 | Vaults:2 | Acquired 1112 gold pieces
 49656 | D:4      | Bought an amulet of regeneration for 360 gold pieces
 49909 | Shoals:2 | Bought a +6 ring of dexterity for 576 gold pieces
 50333 | Vaults:2 | Reached skill level 19 in Fighting
 50333 | Vaults:2 | Identified the ring "Juejosit" {rN+ Will+ Str+6}
 50369 | Vaults:2 | Identified the amulet of Scepticism {Acrobat Str+4}
 50476 | Vaults:2 | Received a gift from Okawaru
 50577 | Vaults:2 | Killed royokou's ghost
 50847 | Vaults:3 | Found a staircase to the Crypt.
 50933 | Vaults:3 | Received a gift from Okawaru
 51198 | Vaults:3 | Found Adu Orchathu's Jewellery Emporium.
 51203 | Vaults:3 | Bought a ring of see invisible for 285 gold pieces
 51275 | Vaults:3 | Found the +8 lance "Wyrmbane" {slay drac, rPois rF+ rC+
                  | AC+3}
 51393 | Vaults:3 | Reached XP level 23. HP: 176/176 MP: 35/35
 51472 | Vaults:4 | Received a gift from Okawaru
 51486 | Vaults:4 | Reached ****** piety under Okawaru
 51488 | Vaults:4 | Acquired a +0 hat of intelligence
 51488 | Vaults:4 | Received a gift from Okawaru
 51795 | Vaults:4 | Reached skill level 20 in Fighting
 51940 | Vaults:4 | Received a gift from Okawaru
 51999 | Vaults:4 | Reached skill level 15 in Dodging
 53820 | Elf:3    | Killed Kiciri's ghost
 53832 | Elf:3    | Identified the ring of the Final Hells {Fly SInv}
 54139 | Vaults:5 | Entered Level 5 of the Vaults
 54167 | Vaults:5 | Acquired a +4 broad axe of venom
 54167 | Vaults:5 | Received a gift from Okawaru
 54326 | Vaults:5 | Noticed a golden dragon
 54338 | Vaults:5 | Killed a golden dragon
 54341 | Vaults:5 | Received a gift from Okawaru
 54386 | Vaults:5 | Got a silver rune of Zot
 54395 | Vaults:5 | Identified the +6 longbow "Naepor" {flame, Str+4}
 54533 | Vaults:5 | Identified the +5 lajatang of Might {elec, rElec rF+
                  | Stlth-}
 54561 | Vaults:5 | Identified the quicksilver dragon scales "Hualaquh" {Fly
                  | Will+ Int+7}
 54572 | Vaults:5 | Received a gift from Okawaru
 54578 | Vaults:5 | Reached XP level 24. HP: 184/184 MP: 35/35
 54663 | Vaults:5 | Identified the +1 swamp dragon scales of Plog {rElec rPois
                  | rC++ Will- Dex+4}
 54821 | Vaults:5 | Noticed a dread lich
 54830 | Vaults:5 | Killed a dread lich
 54830 | Vaults:5 | Received a gift from Okawaru
 54847 | Vaults:5 | Identified the +2 pair of gloves "Uliagoakk" {rC+ Slay+3
                  | Stlth+}
 54969 | Vaults:5 | Identified the +8 quarterstaff of Trauma {flame, rC- Will+
                  | Str+4 Dex+3}
 55222 | Vaults:5 | Found the +10 Black Knight's barding {ponderous, rPois rN+}
 55364 | Vaults:5 | Reached skill level 21 in Fighting
 55490 | Vaults:5 | Acquired 801 gold pieces
 55877 | D:5      | Bought 2 potions of invisibility for 208 gold pieces
 55877 | D:5      | Bought a potion of curing for 39 gold pieces
 55877 | D:5      | Bought 2 potions of haste for 260 gold pieces
 55877 | D:5      | Bought 2 potions of ambrosia for 208 gold pieces
 55877 | D:5      | Bought a potion of ambrosia for 104 gold pieces
 55974 | D:1      | Bought a scroll of fog for 52 gold pieces
 56145 | D:10     | Bought a potion of curing for 90 gold pieces
 56280 | D:4      | Bought a potion of mutation for 104 gold pieces
 56280 | D:4      | Bought 3 potions of mutation for 312 gold pieces
 56478 | D:12     | Bought the +5 demon whip "Spellbinder" {antimagic, disrupt,
                  | Will+} for 1073 gold pieces
 56478 | D:12     | Found the +5 demon whip "Spellbinder" {antimagic, disrupt,
                  | Will+}
 56773 | Depths:1 | Entered Level 1 of the Depths
 56885 | Depths:1 | Noticed Mara
 56898 | Depths:1 | Noticed oppeldang's illusion
 56904 | Depths:1 | Killed Mara
 56904 | Depths:1 | Received a gift from Okawaru
 56911 | Depths:1 | Noticed Sojobo
 56917 | Depths:1 | Noticed Nikola
 56918 | Depths:1 | Killed Sojobo
 56921 | Depths:1 | Identified the +3 robe "Simis" {^Contam rPois rF+++ Dex-4}
 56921 | Depths:1 | Noticed Boris
 56933 | Depths:1 | Killed Nikola
 56934 | Depths:1 | Killed Boris
 57028 | Depths:1 | Noticed Asterion
 57036 | Depths:1 | Killed Asterion
 57236 | Depths:1 | Found a gateway to Hell.
 57298 | Depths:1 | Found a one-way gateway to a ziggurat.
 57631 | Depths:2 | Received a gift from Okawaru
 57723 | Depths:2 | Reached XP level 25. HP: 193/193 MP: 35/35
 57844 | Depths:2 | Received a gift from Okawaru
 58047 | Depths:2 | Identified the ring of Vanity {*Slow Fly rC+ Str+5 Int+3}
 58050 | Depths:2 | Got the Secrets of the Flock and the Iceberg
 58105 | Depths:2 | Found a one-way gate leading to the halls of Pandemonium.
 58833 | Depths:3 | Noticed an ancient lich
 58847 | Depths:3 | Killed an ancient lich
 58847 | Depths:3 | Received a gift from Okawaru
 58897 | Depths:3 | Reached skill level 22 in Fighting
 58897 | Depths:3 | Identified the +4 robe of Patterns {Str+4 Slay+3}
 58897 | Depths:3 | Noticed Boris
 58915 | Depths:3 | Received a gift from Okawaru
 58926 | Depths:3 | Killed Boris
 59266 | Depths:3 | Found a one-way gate to the infinite horrors of the Abyss.
 59601 | Depths:3 | Found an ancient bone altar of Kikubaaqudgha.
 59843 | Depths:3 | Received a gift from Okawaru
 59934 | Depths:4 | Entered Level 4 of the Depths
 60090 | Depths:4 | Reached XP level 26. HP: 201/201 MP: 35/35
 60170 | Depths:4 | Found a gate to the Realm of Zot.
 60599 | Zot:1    | Entered Level 1 of the Realm of Zot
 60840 | Zot:3    | Received a gift from Okawaru
 60923 | Zot:2    | Found the +4 dragonskin cloak
 60923 | Zot:2    | Noticed Tiamat
 61106 | Zot:1    | Killed from afar by a yellow draconian annihilator

Illustrated notes

Levels and vault maps discovered:
D:1:      ldierk_walled_garden, layout_basic, serial_shops, nicolae_diamond_shop
D:2:      layout_basic, serial_shops, shop, minmay_pentomino_pile
D:3:      layout_basic, mainiacjoe_overflow_alcove_2
D:4:      layout_loops_corners, trog_three_pillars_becter, serial_shops,
          kennysheep_mini, nicolae_take_the_stairs
D:5:      layout_basic, nemelex_altar_shiori, serial_shops, shop,
          gammafunk_ghost_grave, hangedman_decor_growths
D:6:      layout_gridville, led_sif_pool, ebering_ghost_gozag
D:7:      layout_loops_ring, nicolae_ru_sacrificial_ziggurat,
          lemuel_doored_altar, minmay_temple_entry_ruins, serial_bayou_ford_a,
          uniq_prince_ribbit1
D:8:      layout_rooms, mainiacjoe_overflow_six_doors_small,
          amcnicky_altar_gilded, nicolae_overflow_crystal_walls, zin_academy,
          mainiacjoe_overflow_small_starburst, tgw_kikubaaqudgha
D:9:      layout_rooms, serial_library_hellmonk_h_bend, nicolae_letterblocks
          [nicolae_letter_subblock, nicolae_letter_subblock,
          nicolae_letter_subblock, nicolae_letter_subblock,
          nicolae_letter_subblock, nicolae_letter_subblock,
          nicolae_letter_subblock, nicolae_letter_subblock,
          nicolae_letter_subblock, nicolae_letter_subblock,
          nicolae_letter_subblock, nicolae_letter_subblock,
          nicolae_letter_subblock, nicolae_letter_subblock,
          nicolae_letter_subblock, nicolae_letter_subblock,
          nicolae_letter_subblock, nicolae_letter_subblock,
          nicolae_letter_subblock, nicolae_letter_subblock,
          nicolae_letter_subblock, nicolae_letter_subblock,
          nicolae_letter_subblock, nicolae_letter_subblock,
          nicolae_letter_subblock], uniq_maggie
D:10:     layout_basic, grunt_lair_entry_orc_guard_hut,
          nicolae_shop_distant_corner_stores, kennysheep_generic_room_5
D:11:     dreamdust_dug_too_deep, layout_cave_pools, minivault_10
D:12:     layout_long_grid, orc_david_3, enter_trove_3
D:13:     layout_irregular_city, erik_vaults_1, minmay_ruined_shrine, uniq_kirke
D:14:     kennysheep_large_spiral, layout_cave_pods, gauntlet_entry_generic
D:15:     gammafunk_enter_depths_forms, layout_grid_maze, reono_crystal_passage
Temple:   eino_wide_crystal_templ
Lair:1:   layout_long_grid, gammafunk_ghost_wrathful_warriors, basic_altar,
          nicolae_quartered_pool_medium
Lair:2:   layout_roguey
Lair:3:   layout_roguey, minmay_shoals_entry_beasts,
          nicolae_snake_entry_warm_welcome, basic_altar, kennysheep_snail_temple
Lair:4:   nzn_winding_woodlands_stair_trap [nzn_winding_woodlands_5x15_jagged,
          nzn_winding_woodlands_5x15_zeroes,
          nzn_winding_woodlands_5x15_concentric,
          nzn_winding_woodlands_15x15_eel_pit, nzn_winding_woodlands_5x15_eye,
          nzn_winding_woodlands_5x15_crooked,
          nzn_winding_woodlands_5x15_sawtooth], layout_regular_city,
          slime_entry_1, st_stairs_10, serial_bayou_shore_b
Lair:5:   minmay_lair_end_enchanted_forest, layout_regular_city, wad_woods_02,
          grunt_megastairs_2
Shoals:1: layout_shoals, nicolae_shoals_shepherds, uniq_donald
Shoals:2: layout_shoals, serial_shops, nicolae_shop_gaudy_bauble, uniq_roxanne
Shoals:3: layout_shoals, nicolae_shoals_this_corrosion, uniq_ilsuiw,
          uniq_polyphemus
Shoals:4: shoals_end_grunt_ice, layout_shoals, lemuel_centaur_altar
Snake:1:  layout_chambers, grunt_ministairs_4, nicolae_snake_gridmaze_swirls,
          uniq_aizul
Snake:2:  cheibrodos_forgotten_conduit, layout_misc_corridors
Snake:3:  layout_misc_corridors
Snake:4:  snake_pit_salamanders_mu, layout_layer_cave, lemuel_fruit_tree
Orc:1:    layout_diamond_mine
Orc:2:    grunt_orc_gardens, layout_diamond_mine, grunt_orc_garden,
          grunt_orc_garden, grunt_orc_garden, grunt_orc_garden
Elf:1:    eino_elf_arrival_sip, layout_geoelf_grid, hangedman_elf_disciples,
          st_stairs_13
Elf:2:    nicolae_elf_blades_crystal_corner, layout_loops_cross,
          portal_desolation_entry_salt, basic_altar, serial_shops,
          nicolae_square_shop, hangedman_elf_simple_split, uniq_jorgrun
Elf:3:    minmay_elf_hall_x, layout_onion_city,
          gammafunk_ghost_berserking_beasts
Vaults:1: nicolae_vaults_variable_pillar_hall, nicolae_vaults_display_case,
          nicolae_vaults_stepped_doors, vaults_room_stairs_pillars,
          grunt_vaults_twisty, nicolae_vaults_double_plus_3, v_misc_28,
          layout_vaults_quadrants, uniq_zenata, uniq_boris
Vaults:2: hellmonk_ghost_big_iron, nicolae_vaults_back_hallway,
          hangedman_vaults_stream, nicolae_vaults_storing_the_good_stuff,
          vaults_room_stairs_pillars, nicolae_vaults_offset_grid_hallway_4,
          hangedman_vaults_maws, vaults_room_grid,
          nicolae_vaults_little_squares_4, vaults_mumra_minichess_inversion,
          v_misc_24, layout_vaults_omnibox, serial_shops, shop
Vaults:3: nicolae_vaults_angled_halls, v_misc_13, st_hourglassy,
          minmay_crypt_entry_simple_statues, hangedman_vaults_nails,
          ontoclasm_vaults_gateway, nicolae_vaults_octothorpe, v_pattern_5,
          vaults_standard_mumra_x, nicolae_vaults_little_squares_1,
          nicolae_vaults_sightless_eye, layout_vaults_maze_snakey, serial_shops,
          shop
Vaults:4: st_more_cells, vaults_mumra_minichess,
          nicolae_vaults_little_squares_5, v_misc_2, dpeg_vaults_monster_box,
          vaults_mumra_hex, vaults_room_semicircle, nicolae_vaults_trapezoid_1,
          v_pattern_2, nicolae_vaults_specimen_jars, vaults_room_grid,
          nicolae_vaults_yaktaur_gun_rack, layout_vaults_chaotic_city
Vaults:5
Depths:1: layout_cave_pools, enter_ziggurat_a, chequers_serial_rivers_large_a,
          serial_co_window_serial, co_window_corner_a, co_window_paths_a,
          co_window_paths_a, co_window_paths_a, co_window_paths_a,
          co_window_corner_b, co_window_corner_b, co_window_broadway_a,
          co_window_of_opportunity_b, co_window_cross_3, glass_columns_a,
          glass_columns_b, glass_columns_a, grunt_metal_band,
          serial_bayou_crossing, uniq_mara, uniq_sojobo, uniq_asterion,
          uniq_nikola
Depths:2: hangedman_arch_fort, layout_basic, rand_demon_pan_entry_5,
          hangedman_coc_ice_floe, minmay_misc_feat_enclosed,
          nicolae_danse_macabre
Depths:3: grunt_crosshair, layout_basic, abyss_entry, hell_entry,
          nicolae_kikubaaqudgha_miasma_corner, infiniplex_staircase_zigzag_3
Depths:4: grunt_zot_entry_tricorne, layout_basic, nicolae_twisting_strands,
          hell_entry
Zot:1:    layout_basic
Zot:2:    kennysheep_oblong_rooms, layout_onion_interference,
          regret_index_zotdec_silver_v_v_loose, uniq_parghit, uniq_josephina,
          uniq_tiamat
Zot:3:    regret_index_all_hallows'_manor, layout_misc_corridors,
          hangedman_zot_decor_scrapings, hangedman_zot_decor_unnerving_road

Skill      XL: |  1  2  3  4  5  6  7  8  9 10 11 12 13 14 15 16 17 18 19 20 21 22 23 24 25 26 |
---------------+-------------------------------------------------------------------------------+-----
Stealth        | 1 2 |  2.0
Fighting       | 2 3 4 6 7 8 9 11 13 15 16 17 18 19 20 21 22 | 22.0
Dodging        | 1 2 3 4 5 6 7 9 11 12 13 14 16 18 20 | 20.9
Alchemy        | 1 2 |  2.0
Summonings     | 1 2 |  2.0
Evocations     | 3 4 5 6 8 |  8.8
Invocations    | 3 5 6 8 9 10 11 | 11.9
Axes           | 4 8 11 12 14 15 16 17 19 | 19.6
Shields        | 2 5 7 8 10 11 | 11.8
Throwing       | 4 6 9 10 11 12 13 14 | 14.1
Translocations | 5 6 7 |  7.0
Spellcasting   | 4 6 8 |  8.0
Shapeshifting  | 5 10 11 14 16 | 16.7
Air Magic      | 4 7 |  7.0
Unarmed Combat | |  3.0

Action                     |  1- 3 |  4- 6 |  7- 9 | 10-12 | 13-15 | 16-18 | 19-21 | 22-24 | 25-27 || total
---------------------------+-------+-------+-------+-------+-------+-------+-------+-------+-------++-------
  Melee: Dagger            |    27 |    16 |    13 |       |       |       |       |       |       ||    56
         Constrict         |    17 |    20 |    47 |    33 |    46 |   249 |   224 |   164 |    73 ||   873
         Tentacles         |    16 |    15 |    50 |    57 |   172 |   422 |   405 |   354 |   254 ||  1745
         Short sword       |    34 |    81 |   119 |       |       |       |       |       |       ||   234
         War axe           |       |       |    48 |   252 |   458 |       |       |       |       ||   758
         Unarmed           |       |       |    23 |       |       |       |       |       |       ||    23
         Broad axe         |       |       |       |       |   139 |  1146 |  1159 |   986 |   627 ||  4057
         Maw               |       |       |       |       |       |    44 |   296 |       |       ||   340
  Throw: Boomerang         |     2 |     6 |    24 |     6 |    63 |    26 |    29 |       |       ||   156
         Throwing net      |       |       |       |     2 |       |       |       |       |       ||     2
 Invoke: Heroism           |       |       |     5 |    22 |    30 |    36 |    25 |    13 |     6 ||   137
         Finesse           |       |       |       |       |       |     1 |     2 |     2 |     1 ||     6
         Receive Weapon    |       |       |       |       |       |       |       |     1 |       ||     1
         Receive Armour    |       |       |       |       |       |       |       |     1 |       ||     1
  Evoke: Wand              |       |       |    10 |     6 |       |     6 |       |       |       ||    22
         Condenser vane    |       |       |       |       |       |     1 |     1 |       |     1 ||     3
    Use: Potion            |     1 |     1 |     3 |     3 |     1 |     5 |     5 |       |     1 ||    20
         Scroll            |       |     1 |    13 |    11 |     9 |    11 |     5 |    12 |     8 ||    70
   Stab: Sleeping          |     6 |    13 |     9 |     1 |     6 |    16 |    24 |    19 |     5 ||    99
         Distracted        |       |       |     1 |       |       |     6 |     2 |     6 |     5 ||    20
         Held in net/web   |       |       |       |     1 |       |       |       |       |       ||     1
         Invisible         |       |       |       |       |       |    21 |       |       |       ||    21
         Petrifying        |       |       |       |       |       |       |     6 |       |       ||     6
         Petrified         |       |       |       |       |       |       |     3 |       |       ||     3
 Armour: Skin              |    31 |    33 |   143 |    83 |   173 |   161 |   229 |   175 |   136 ||  1164
  Dodge: Dodged            |    22 |    41 |   137 |    89 |   254 |   510 |   796 |   667 |   493 ||  3009
         Repelled          |     1 |       |     2 |       |     3 |    80 |    77 |    54 |   109 ||   326
  Block: Kite shield       |       |       |    44 |   180 |   566 |   900 |  1253 |  1082 |   626 ||  4651
         Reflection        |       |       |       |       |       |       |       |    34 |     9 ||    43
   Form: Maw               |       |       |       |       |       |     1 |       |       |       ||     1
         Statue            |       |       |       |       |       |       |     1 |       |       ||     1

Table legend: (Time is in decaauts)
 A = Elapsed time spent in this place.
 B = Non-inter-level travel time spent in this place.
 C = Inter-level travel time spent in this place.
 D = Time resting spent in this place.
 E = Time spent auto-exploring this place.
 F = Levels seen in this place.
 G = Mean time per level.
                   A        B        C        D        E       F      G
               +--------+--------+--------+--------+--------+-----+--------+
         Total |  68380 |  58194 |  10186 |  10917 |  35364 |  48 | 1424.6 |
       Dungeon |  21844 |  16304 |   5540 |   3089 |  10130 |  15 | 1456.3 |
        Temple |     22 |      2 |     20 |      0 |      0 |   1 |   22.0 |
          Lair |  10437 |   9137 |   1300 |   3047 |   4619 |   5 | 2087.4 |
        Shoals |   4004 |   3614 |    390 |    511 |   2132 |   4 | 1001.0 |
     Snake Pit |   5219 |   4716 |    503 |     48 |   3777 |   4 | 1304.8 |
  Orcish Mines |   1390 |   1007 |    383 |    109 |    679 |   2 |  695.0 |
   Elven Halls |   6095 |   5593 |    502 |   1458 |   3152 |   3 | 2031.7 |
        Vaults |  10102 |   8818 |   1284 |    409 |   6381 |   5 | 2020.4 |
        Depths |   5298 |   5041 |    257 |     94 |   3883 |   4 | 1324.5 |
           Zot |    633 |    630 |      3 |    204 |     58 |   3 |  211.0 |
    Desolation |   2850 |   2850 |      0 |   1812 |    294 |   1 | 2850.0 |
      Gauntlet |    479 |    479 |      0 |    133 |    257 |   1 |  479.0 |
               +--------+--------+--------+--------+--------+-----+--------+

Top non-repeatable levels by time:
   Elf:3: 3455 daAuts
  Lair:4: 2869 daAuts
Desolation: 2850 daAuts
Vaults:1: 2585 daAuts
  Lair:5: 2331 daAuts
Vaults:2: 2276 daAuts
  Lair:3: 2254 daAuts
     D:6: 2247 daAuts
    D:10: 2235 daAuts
Vaults:4: 2086 daAuts
Vaults:5: 2036 daAuts
    D:14: 1907 daAuts
 Snake:4: 1833 daAuts
     D:7: 1797 daAuts
    D:15: 1772 daAuts
